 Dungeon Crawl Stone Soup version 0.31-a0-233-g139696dc86 (webtiles) character file.

Game seed: 15266389141161867251

553 qw the Shooter (level 7, -2/59 HPs)
             Began as a Minotaur Hexslinger on July 9, 2023.
             Slain by a gnoll
             ... wielding a +0 spear
              (4 damage)
             ... on level 5 of the Dungeon.
             The game lasted 00:01:18 (3182 turns).

qw the Shooter (Minotaur Hexslinger)                Turns: 3182, Time: 00:01:19

Health: -2/59      AC:  5    Str: 12    XL:     7   Next: 8%
Magic:  7/7        EV: 11    Int: 10    God:
Gold:   189        SH:  0    Dex: 15    Spells: 7/8 levels left

rFire   . . .        Y - +3 sling
rCold   . . .        (no shield)
rNeg    . . .        h - +0 ring mail
rPois   .            (helmet restricted)
rElec   .            (no cloak)
rCorr   .            (no gloves)
SInv    .            (no boots)
Will    .....        (no amulet)
Stlth   +            (no ring)
HPRegen 0.29/turn    (no ring)
MPRegen 0.10/turn

%: no passive effects
@: lethally poisoned (-2 -> -6)
A: horns 2, retaliatory headbutt
a: no special abilities


You were on level 5 of the Dungeon.
You visited 1 branch of the dungeon, and saw 5 of its levels.

You collected 213 gold pieces.
You spent 24 gold pieces at shops.


Innate Abilities, Weirdness & Mutations

You have a pair of horns on your head.
You reflexively headbutt those who attack you in melee.


   Skills:
 - Level 4.3 Fighting
 + Level 7.3 Ranged Weapons
 - Level 1.9 Armour
 - Level 2.1 Dodging
 - Level 1.0 Spellcasting
 - Level 2.0 Hexes


You had 7 spell levels left.
You knew the following spells:

 Your Spells              Type           Power      Damage    Failure   Level
a - Slow                  Hex            16%        N/A       32%         1

Your spell library contained the following spells:

 Spells                   Type           Power      Damage    Failure   Level
 Inner Flame              Hex/Fire       2%         N/A       83%         3
 Portal Projectile        Hex/Tloc       4%         N/A       83%         3
 Cause Fear               Hex            2%         N/A       97%         4

Inventory:

Hand Weapons
 Y - a +3 sling (weapon)
Armour
 h - a +0 ring mail (worn)
Jewellery
 b - a ring of resist corrosion
Scrolls
 d - a scroll of identify
Potions
 a - 2 potions of curing
 g - a potion of haste

Dungeon Overview and Level Annotations

Branches:
Dungeon (5/15)
 Temple: D:4-7

Altars:
Ashenzari
Cheibriados
The Shining One

Shops:
D:1 ?

Annotations:
D:3 2 transporters, qw's ghost, amateur GrHs


Message History

You shoot a sling bullet.
The sling bullet closely misses the scorpion.
The scorpion stings you but does no damage.
A gnoll comes into view. It is wielding a +0 flail.
You shoot a sling bullet. The gnoll shouts!
The sling bullet hits the scorpion but does no damage.
The scorpion is moderately wounded.
You hear a shout!
The scorpion barely misses you. The gnoll barely misses you.
You shoot a sling bullet. The sling bullet hits the scorpion.
The scorpion is heavily wounded.
The scorpion stings you! The gnoll barely misses you.
The gnoll hits you from afar with a +0 halberd!
The scorpion stings you.
You are poisoned.
The scorpion poisons you!
You shoot a sling bullet. The sling bullet hits the scorpion!
You kill the scorpion!
You feel very sick.
The gnoll hits you from afar with a +0 spear.
The gnoll hits you from afar with a +0 halberd.
The gnoll hits you from afar with a +0 spear.
The gnoll hits you from afar with a +0 halberd!
Your Armour skill increases to level 1!
You have reached level 7!
You shoot a sling bullet. The sling bullet hits the gnoll.
The gnoll is lightly wounded.
You feel very sick. The gnoll hits you but does no damage.
The gnoll hits you from afar with a +0 halberd!
You shoot a sling bullet. The sling bullet hits the gnoll!
The gnoll is severely wounded.
You feel sick.
The gnoll hits you from afar with a +0 spear.
The gnoll closely misses you.
You shoot a sling bullet.
The sling bullet closely misses the gnoll.
You feel sick.
The gnoll hits you from afar with a +0 spear.
You die...

..## .... ... . ..# ..
..##... #### .......
##..##.g.....
#....@.gg....
#...#######..
#...##..###
#...##....#
#...##....#
##...##..[## ###
#....##...##
#.#####.#......<.#
#####......_...##....#


You could see 3 gnolls.

Vanquished Creatures
  2 black bears (D:4)
  2 scorpions
  A jelly (D:3)
  A hound (D:4)
  An orc priest (D:4)
  5 gnolls
  3 adders
  2 worms (D:3)
  A dart slug (D:3)
  11 orcs (D:4)
  6 endoplasms
  2 giant cockroaches (D:2)
  5 goblins
  6 hobgoblins
  4 quokkas
  12 ball pythons
  8 bats
  2 frilled lizards (D:1)
  9 kobolds
  3 rats
86 creatures vanquished.

Notes
Turn   | Place    | Note
-------+----------+-------------------------------------------
     0 | D:1      | qw the Minotaur Hexslinger began the quest for the Orb.
     0 | D:1      | Reached XP level 1. HP: 16/16 MP: 1/1
     0 | D:1      | 0 ||| qw: Version: 0.3-a-51-g015441d
     0 | D:1      | 0 ||| qw: Game counter: 3901
     0 | D:1      | 0 ||| qw: Melee chars always use a shield: true
     0 | D:1      | 0 ||| qw: God list: Okawaru
     0 | D:1      | 0 ||| qw: Allow faded altars: false
     0 | D:1      | 0 ||| qw: Do Orc after clearing Dungeon:15 true
     0 | D:1      | 0 ||| qw: Do second Lair branch before Depths: true
     0 | D:1      | 0 ||| qw: Lair rune preference: random
     0 | D:1      | 0 ||| qw: Goals: Normal
     0 | D:1      | 0 ||| PLANNING D:1-11
    99 | D:1      | Found Yhidwow's Magic Scroll Shoppe.
   112 | D:1      | 112 ||| BUYING scroll of identify (24 gold).
   112 | D:1      | Bought a scroll of identify for 24 gold pieces
   112 | D:1      | 112 ||| SHOPLISTING scroll of identify (24 gold, have 23).
   112 | D:1      | 112 ||| SHOPLISTING scroll of teleportation (36 gold, have
                  | 23).
   322 | D:1      | Reached skill level 3 in Ranged Weapons
   339 | D:1      | Reached XP level 2. HP: 23/23 MP: 2/2
   355 | D:1      | HP: 4/23 [hobgoblin (3)]
   357 | D:1      | HP: 1/24 [goblin/+0 club (4)]
   502 | D:1      | 502 ||| READING scroll labelled WOATHO PUFOTI.
   503 | D:1      | 503 ||| READING scroll labelled HAZXOY DIUC.
   504 | D:1      | 504 ||| DRINKING 3 fuming cyan potions.
   534 | D:1      | 534 ||| READING 2 scrolls of identify.
   534 | D:1      | 534 ||| IDENTIFYING pink potion
   535 | D:1      | 535 ||| DROPPING scroll of poison.
   536 | D:1      | 536 ||| DROPPING 2 potions of lignification.
   537 | D:1      | 537 ||| DROPPING potion of degeneration.
   730 | D:2      | Reached XP level 3. HP: 18/30 MP: 3/3
  1062 | D:2      | Reached skill level 4 in Ranged Weapons
  1192 | D:2      | 1192 ||| READING scroll labelled SEORIV HATH.
  1195 | D:2      | 1195 ||| DRINKING 2 coppery potions.
  1196 | D:2      | 1196 ||| DRINKING 3 yellow potions.
  1296 | D:3      | Reached XP level 4. HP: 37/37 MP: 4/4
  1498 | D:3      | Found a snail-covered altar of Cheibriados.
  1525 | D:3      | HP: 8/37 [gnoll/+0 club (4)]
  1526 | D:3      | 1526 ||| DRINKING 2 potions of heal wounds.
  1530 | D:3      | Reached skill level 5 in Ranged Weapons
  1680 | D:3      | Reached skill level 3 in Fighting
  1692 | D:3      | Found a transporter.
  1694 | D:3      | Noticed qw's ghost (amateur GrHs)
  1695 | D:3      | Found a transporter.
  1734 | D:3      | Reached XP level 5. HP: 45/45 MP: 5/5
  1773 | D:3      | Found a faded altar of an unknown god.
  1833 | D:3      | Noticed a phantom
  1942 | D:3      | 1942 ||| READING scroll labelled LURIMUD COCE.
  1943 | D:3      | 1943 ||| READING scroll labelled KEBEQA ZODUO.
  1944 | D:3      | 1944 ||| READING scroll labelled MAL FIUNKIPI.
  1945 | D:3      | 1945 ||| READING 2 scrolls labelled PEODER PAJABB.
  1946 | D:3      | 1946 ||| READING scroll labelled PUR SIENNUPO.
  1947 | D:3      | 1947 ||| DROPPING scroll of blinking.
  2077 | D:4      | Reached skill level 6 in Ranged Weapons
  2132 | D:4      | Noticed a black bear
  2139 | D:4      | Killed a black bear
  2140 | D:4      | Reached XP level 6. HP: 35/52 MP: 6/6
  2279 | D:4      | 2279 ||| READING scroll of enchant weapon.
  2279 | D:4      | 2279 ||| ENCHANTING +2 sling.
  2316 | D:4      | HP: 11/52 [black bear (5)]
  2317 | D:4      | 2317 ||| DRINKING potion of heal wounds.
  2609 | D:4      | 2609 ||| Stepping ~*~*~tactically~*~*~ (outnumbered).
  2615 | D:4      | Reached skill level 7 in Ranged Weapons
  2839 | D:4      | Found a glowing golden altar of the Shining One.
  2997 | D:4      | 2997 ||| UPGRADING to +0 leather armour.
  3007 | D:4      | 3007 ||| DROPPING +0 robe.
  3008 | D:4      | 3008 ||| UPGRADING to +0 ring mail.
  3018 | D:4      | 3018 ||| DROPPING +0 leather armour.
  3019 | D:4      | 3019 ||| READING scroll labelled DITAFO TECAV.
  3120 | D:4      | 3120 ||| READING 3 scrolls of identify.
  3120 | D:4      | 3120 ||| IDENTIFYING inky potion
  3121 | D:4      | 3121 ||| READING 2 scrolls of identify.
  3121 | D:4      | 3121 ||| IDENTIFYING green potion
  3122 | D:4      | 3122 ||| DROPPING potion of ambrosia.
  3131 | D:5      | Entered Level 5 of the Dungeon
  3138 | D:5      | Found a broken altar of Ashenzari.
  3180 | D:5      | Reached skill level 1 in Armour
  3180 | D:5      | Reached XP level 7. HP: 19/59 MP: 7/7
  3180 | D:5      | HP: 7/59 [gnoll/+0 halberd (9)]
  3181 | D:5      | HP: 2/59 [gnoll/+0 spear (3)]
  3182 | D:5      | Slain by a gnoll

Levels and vault maps discovered:
D:1:      doesnt_arrival_eight_statues, layout_rooms, serial_shops, shop
D:2:      cheibrodos_helix_gallery, layout_loops_cross, minmay_pentomino_pile
D:3:      layout_loops_ring, lemuel_tele_altar,
          shapermc_ecumenical_altar_acropolis, gammafunk_ghost_mausoleum
D:4:      layout_loops_cross, tso_altar
D:5:      layout_gridville, nicolae_uskayaw_dance_hall, ashenzari_altar_1,
          minmay_temple_entry_mist, kennysheep_nondescript, dk_noncrumbling_2

Skill      XL: |  1  2  3  4  5  6 |
---------------+-------------------+-----
Ranged Weapons | 3 4 5 6 7 |  7.3
Fighting       | 2 3 4 |  4.3
Armour         | 1 |  1.9
Dodging        | |  2.1
Spellcasting   | |  1.0
Hexes          | |  2.0

Action                     |  1- 3 |  4- 6 |  7- 9 || total
---------------------------+-------+-------+-------++-------
   Fire: Sling             |   121 |   168 |     3 ||   292
    Use: Scroll            |     4 |     9 |       ||    13
         Potion            |     3 |     2 |       ||     5
 Armour: Robe              |    19 |    16 |       ||    35
         Ring mail         |       |     1 |     1 ||     2
  Dodge: Dodged            |    48 |    60 |     1 ||   109

Table legend:
 A = Non-vault XP
 B = Vault XP
 C = Vault XP percentage of total XP
 D = Non-vault monster count
 E = Vault monster count
 F = Vault count percentage of total count
                 A         B        C        D         E       F
            +---------+---------+-------+---------+---------+-------
      Total |     763 |      28 |   3.5 |      77 |       9 |  10.5
            +---------+---------+-------+---------+---------+-------
        D:1 |      35 |       0 |   0.0 |      16 |       0 |   0.0
        D:2 |      27 |      28 |  50.9 |      16 |       9 |  36.0
        D:3 |     155 |       0 |   0.0 |      18 |       0 |   0.0
        D:4 |     466 |       0 |   0.0 |      26 |       0 |   0.0
        D:5 |      80 |       0 |   0.0 |       1 |       0 |   0.0
            +---------+---------+-------+---------+---------+-------
